 Dungeon Crawl Stone Soup version 0.25-a0-378-gd2ca0b7745 (webtiles) character file.

Game seed: 1021935062344692065, levelgen mode: deterministic

248 PentaManta the Cudgeler (level 6, 0/47 HPs)
             Began as a Formicid Abyssal Knight on Jan 7, 2020.
             Was a Believer of Lugonu.
             Slain by a wight
             ... wielding a +4 spear
              (9 damage)
             ... in the Ecumenical Temple.
             The game lasted 00:10:39 (4747 turns).

PentaManta the Cudgeler (Formicid Abyssal Knight)   Turns: 4747, Time: 00:10:40

Health: 0/47       AC:  5    Str: 19    XL:     6   Next: 34%
Magic:  8/8        EV: 11    Int: 11    God:    Lugonu [**....]
Gold:   176        SH:  0    Dex: 10    Spells: 5/5 levels left

rFire    . . .     SeeInvis +   a - +1 mace
rCold    . . .     Gourm    .   (no shield)
rNeg     . . .     Faith    .   b - +1 leather armour
rPois    .         Spirit   .   (helmet unavailable)
rElec    .         Reflect  .   n - +0 cloak
rCorr    .         Harm     .   (no gloves)
MR       .....                  (no boots)
Stlth    +.........             d - amulet of the acrobat
HPRegen  0.15/turn              (no ring)
MPRegen  0.11/turn              (no ring)

@: lightly drained
A: permanent stasis, dig shafts and tunnels, four strong arms, antennae 3
a: Dig, Shaft Self, Depart the Abyss, Bend Space, Renounce Religion


You were in the Ecumenical Temple.
You worshipped Lugonu.
Lugonu was pleased with you.
You were not hungry.

You visited 2 branches of the dungeon, and saw 6 of its levels.
You visited the Abyss 1 time.

You collected 176 gold pieces.

Inventory:

Hand Weapons
 a - a +1 mace (weapon)
Missiles
 e - 2 curare-tipped darts (quivered)
 i - 18 poisoned darts
Armour
 b - a +1 leather armour (worn)
 n - a +0 cloak (worn)
 q - a scarf of resistance
Jewellery
 d - an amulet of the acrobat (around neck)
Scrolls
 k - a scroll of enchant armour
 m - 3 scrolls of amnesia
Potions
 f - 2 potions of brilliance
 g - a potion of flight {unknown}
 h - 2 potions of heal wounds {unknown}
 l - a potion of lignification {unknown}
 o - 2 potions of magic {unknown}
 r - a potion of degeneration {unknown}
Comestibles
 c - 6 rations


   Skills:
 - Level 3.2(3.0) Fighting
 + Level 6.0(5.7) Maces & Flails
 - Level 2.1(1.9) Armour
 - Level 0.8(0.6) Dodging
 - Level 3.0(2.7) Invocations


You had 5 spell levels left.
You didn't know any spells.
Your spell library was empty.

Dungeon Overview and Level Annotations

Branches:
Dungeon (5/15)             Temple (1/1) D:5

Altars:
Dithmenos
Elyvilon
Fedhas
Gozag
Hepliaklqana
Kikubaaqudgha
Makhleb
Nemelex Xobeh
Okawaru
Qazlal
Ru
Yredelemnul
Lugonu


Innate Abilities, Weirdness & Mutations

You cannot be hasted, slowed, berserked, paralysed or teleported.
You can dig through walls and to a lower floor.
Your four strong arms can wield two-handed weapons with a shield.
You have a pair of large antennae on your head. (SInv)


Message History

You hit the wight.
The wight is lightly damaged.
The wight hits you with a +4 spear.
You sock the wight!
The wight is severely damaged.
The wight hits you but does no damage.
You barely miss the wight.
The wight is severely damaged.
The wight barely misses you.
The wight hits you from afar with a +5 halberd!
The wight hits you with a +4 spear.
You hit the wight.
The wight is almost destroyed.
The wight hits you with a +4 spear.
You feel drained.
The wight hits you from afar with a +5 halberd.
* * * LOW HITPOINT WARNING * * *
You closely miss the wight.
The wight is almost destroyed.
The wight hits you with a +4 spear!
You die...

###_.## #.....#
#_.⌠.§# #.#.≈§#
##≈_≈## ##### #...#
##≈_.###...#########
#..§.≈#..≈..zz..≈≈P#
#_.⌠≈_#....@#....†<#
#§...≈...≈.#.....[P#
##._.###...#########
##### #.≈≈# ##._.##
#≈....# #_.⌠≈_#
#.....# ##._.##


You could see 2 wights.

Vanquished Creatures
  A jelly (Temple)
  An orc wizard (Temple)
  2 worker ants (D:4)
  7 adders
  2 dart slugs
  An orc (D:3)
  A ball python (D:2)
  5 bats
  7 giant cockroaches
  12 goblins
  9 hobgoblins
  7 jackals (D:3)
  A ball python skeleton (D:4)
  5 frilled lizards
  8 kobolds
  5 rats
74 creatures vanquished.

Notes
Turn   | Place    | Note
-------+----------+-------------------------------------------
     0 | Abyss:1  | PentaManta the Formicid Abyssal Knight began the quest for
                  | the Orb.
     0 | Abyss:1  | Reached XP level 1. HP: 18/18 MP: 2/2
    41 | Abyss:1  | Noticed a starcursed mass
    44 | D:1      | Escaped the Abyss
   393 | D:1      | Reached XP level 2. HP: 24/24 MP: 3/3
   487 | D:1      | Reached * piety under Lugonu
  1048 | D:1      | Reached XP level 3. HP: 29/29 MP: 5/5
  1575 | D:1      | Reached skill level 3 in Maces & Flails
  2077 | D:2      | Reached XP level 4. HP: 34/35 MP: 6/6
  2444 | D:2      | Found a sacrificial altar of Ru.
  2461 | D:2      | Reached skill level 4 in Maces & Flails
  2573 | D:2      | Found a blossoming altar of Fedhas.
  2773 | D:3      | Found a shadowy altar of Dithmenos.
  2844 | D:3      | Found a basalt altar of Yredelemnul.
  2877 | D:3      | Found a hazy altar of Hepliaklqana.
  3057 | D:3      | Reached ** piety under Lugonu
  3184 | D:3      | Reached XP level 5. HP: 31/41 MP: 7/7
  3943 | D:4      | Reached skill level 5 in Maces & Flails
  4463 | D:5      | Entered Level 5 of the Dungeon
  4463 | D:5      | Found a staircase to the Ecumenical Temple.
  4472 | Temple   | Entered the Ecumenical Temple
  4475 | Temple   | Reached XP level 6. HP: 23/47 MP: 8/8
  4480 | Temple   | Reached skill level 6 in Maces & Flails
  4747 | Temple   | Slain by a wight

Levels and vault maps discovered:
D:1:      matt_arrival_refuge, layout_basic
D:2:      minmay_door_path, layout_basic, lemuel_coloured_pillars_altar,
          nicolae_ru_the_path_less_chosen
D:3:      layout_loops_corners, old_standard_altar, lemuel_crystal_altar,
          first_ration, grunt_dithmenos_smoke_and_mirrors
D:4:      layout_gridville, kennysheep_mini_moat
D:5:      layout_rooms, grunt_temple_overflow_order_and_chaos_1,
          nicolae_overflow_hidden_temple, minmay_temple_entry_statues_fountains
Temple:   corrupted_temple

Skill      XL: |  1  2  3  4  5  6 |
---------------+-------------------+-----
Maces & Flails | 3 4 5 6 |  6.0
Invocations    | 3 |  3.0
Fighting       | |  3.2
Armour         | |  2.1
Dodging        | |  0.8

Action                   |  1- 3 |  4- 6 || total
-------------------------+-------+-------++-------
Melee: Mace              |    64 |   174 ||   238
       Club              |    17 |       ||    17
Invok: Depart the Abyss  |     1 |       ||     1
       Bend Space        |       |     1 ||     1
  Use: Scroll            |     4 |     4 ||     8
  Eat: Chunk             |     4 |     8 ||    12
Armor: Leather armour    |    20 |    66 ||    86
Dodge: Dodged            |    60 |   147 ||   207

Table legend:
 A = Non-vault XP
 B = Vault XP
 C = Vault XP percentage of total XP
 D = Non-vault monster count
 E = Vault monster count
 F = Vault count percentage of total count
                 A         B        C        D         E       F
            +---------+---------+-------+---------+---------+-------
      Total |     343 |      12 |   3.4 |      67 |       7 |   9.5
            +---------+---------+-------+---------+---------+-------
        D:1 |      43 |       0 |   0.0 |      18 |       0 |   0.0
        D:2 |      56 |      12 |  17.6 |      14 |       7 |  33.3
        D:3 |      42 |       0 |   0.0 |      24 |       0 |   0.0
        D:4 |     115 |       0 |   0.0 |       8 |       0 |   0.0
     Temple |      87 |       0 |   0.0 |       3 |       0 |   0.0
            +---------+---------+-------+---------+---------+-------
